 Seeded DCSS version 0.29-a0-338-g1ff7896281 (webtiles) character file.

Game seed: 4051998689388717474 (custom seed)

3 zeratav the Shield-Bearer (level 1, 0/22 HPs)
             Began as a Troll Fighter on Apr 19, 2022.
             Succumbed to a kobold's poison
             ... on level 1 of the Dungeon.
             The game lasted 00:00:12 (66 turns).

zeratav the Shield-Bearer (Troll Fighter)             Turns: 66, Time: 00:00:13

Health: 0/22       AC:  4    Str: 23    XL:     1   Next: 41%
Magic:  0/0        EV:  8    Int:  4    God:
Gold:   11         SH:  7    Dex:  9    Spells: 0/0 levels left

rFire   . . .      SeeInvis .     - Unarmed
rCold   . . .      Faith    .   b - +0 kite shield
rNeg    . . .      Spirit   .   a - +0 robe
rPois   .          Reflect  .   (helmet restricted)
rElec   .          Harm     .   (no cloak)
rCorr   .          Rampage  .   (gloves unavailable)
Will    .....                   (boots unavailable)
Stlth   +.........              (no amulet)
HPRegen 0.87/turn               (no ring)
MPRegen 0.07/turn               (no ring)

@: lethally poisoned (0 -> -13)
A: large, unfitting armour, claws 3, regeneration 1, shaggy fur 1, tough skin 1
a: no special abilities


You were on level 1 of the Dungeon.
You visited 1 branch of the dungeon, and saw 1 of its levels.

You collected 11 gold pieces.


Innate Abilities, Weirdness & Mutations

You are too large for most types of armour.
You have claws for hands.
Your natural rate of healing is unusually fast.
You are covered in fur. (AC +1)
You have tough skin. (AC +1)


   Skills:
 - Level 2.4 Fighting
 - Level 2.4 Dodging
 - Level 2.4 Shields
 + Level 2.3 Unarmed Combat


You couldn't memorise any spells.
You didn't know any spells.
Your spell library was empty.

Inventory:

Armour
 a - a +0 robe (worn)
 b - a +0 kite shield (worn)
Potions
 c - a potion of might

Dungeon Overview and Level Annotations

Branches:
Dungeon (1/15)

Altars:

.. ..#######.##
.#.##.....#.....
................
#................
###.#..............
.#..................
....................
.............@.......
....^........))....$.
.....................
...............#.>...
..........######.####
..........# #
.........## .#......#
.# #..#####.# ##.


There were no monsters in sight!


Message History

The hobgoblin hits you but does no damage.
You scratch the hobgoblin. You block the hobgoblin's attack.
You closely miss the hobgoblin. The rat bites you but does no damage.
The hobgoblin hits you.
HP[-1]
You take 1 damage, and now have 21/22 hp.
You claw the hobgoblin!
You kill the hobgoblin!
The rat bites you but does no damage.
HP[+1]
Your hp is fully restored (22).
You barely miss the rat. The rat barely misses you.
You scratch the rat. You block the rat's attack.
You barely miss the rat. The rat bites you but does no damage.
You claw the rat!
You kill the rat!
No target in view!
No target in view!
No target in view!
No target in view!
No target in view!
No target in view!
No target in view!
No target in view!
No target in view!
No target in view!
No target in view!
No target in view!
No target in view!
No target in view!
No target in view!
No target in view! 2 kobolds come into view.
The kobold shouts! x2
There are monsters nearby!
Found a stone staircase leading down.
A kobold comes into view. It is wielding a +0 whip of venom.
The kobold shouts!
The kobold barely misses you. You block the kobold's attack.
You closely miss the kobold. The kobold hits you but does no damage.
You block the kobold's attack.
You barely miss the kobold. You block the kobold's attack.
The kobold hits you with a +0 short sword.
The kobold hits you with a +0 club. You block the kobold's attack.
HP[-6]
You take 6 damage, and now have 16/22 hp.
MASSIVE DAMAGE!! (PAUSE)
You are too injured to fight recklessly!
You are too injured to fight recklessly!
You are too injured to fight recklessly!
You are too injured to fight recklessly!
You are too injured to fight recklessly!
You are too injured to fight recklessly!
You are too injured to fight recklessly!
You are too injured to fight recklessly!
You are too injured to fight recklessly!
You are too injured to fight recklessly!
You are too injured to fight recklessly!
You are too injured to fight recklessly!
You are too injured to fight recklessly!
You are too injured to fight recklessly!
You are too injured to fight recklessly!
You are too injured to fight recklessly!
You are too injured to fight recklessly!
You are too injured to fight recklessly!
You are too injured to fight recklessly!
You are too injured to fight recklessly!
You claw the kobold!
You kill the kobold!
The kobold barely misses you. The kobold hits you but does no damage.
You are poisoned.
HP[+1]
You feel sick. The kobold closely misses you.
You see here a +0 club {mace}.
HP[-1]
You take 1 damage, and now have 16/22 hp.
You closely miss the kobold.
You feel sick. The kobold barely misses you.
The kobold hits you with a +0 whip of venom.
HP[-1]
You take 1 damage, and now have 15/22 hp.
You closely miss the kobold.
You feel sick.
The kobold hits you with a +0 short sword.
* * * LOW HITPOINT WARNING * * *
The kobold hits you but does no damage.
You are more poisoned.
HP[-5]
You take 5 damage, and now have 10/22 hp.
MASSIVE DAMAGE!! (PAUSE)
You claw the kobold!
You kill the kobold!
You feel very sick.
The kobold hits you with a +0 whip of venom.
* * * LOW HITPOINT WARNING * * *
You are lethally poisoned!
HP[-5]
You take 5 damage, and now have 5/22 hp.
MASSIVE DAMAGE!! (PAUSE)
You claw the kobold!
You kill the kobold!
You die...

Action                   || total
-------------------------++-------
Melee: Unarmed           ||    15
Armor: Robe              ||     7
Dodge: Dodged            ||     6
Block: Kite shield       ||     6

Levels and vault maps discovered:
D:1:      amcnicky_arrival_choice, layout_rooms, minmay_bisected

Notes
Turn   | Place    | Note
-------+----------+-------------------------------------------
     0 | D:1      | zeratav the Troll Fighter began the quest for the Orb.
     0 | D:1      | Reached XP level 1. HP: 22/22 MP: 0/0
     0 | D:1      | magus.rc [v1.9.6]
    65 | D:1      | HP: 5/22 [kobold/+0 whip of venom (3)]
    66 | D:1      | Succumbed to a kobold's poison

Vanquished Creatures
  A hobgoblin (D:1)
  3 kobolds (D:1)
  A rat (D:1)
5 creatures vanquished.

Table legend:
 A = Non-vault XP
 B = Vault XP
 C = Vault XP percentage of total XP
 D = Non-vault monster count
 E = Vault monster count
 F = Vault count percentage of total count
                 A         B        C        D         E       F
            +---------+---------+-------+---------+---------+-------
      Total |       6 |       0 |   0.0 |       5 |       0 |   0.0
            +---------+---------+-------+---------+---------+-------
        D:1 |       6 |       0 |   0.0 |       5 |       0 |   0.0
            +---------+---------+-------+---------+---------+-------

Illustrated notes

Table legend:
 A = Kills in this place as a percentage of kills in entire the game.
 B = Kills by you in this place as a percentage of kills by you in the entire game.
 C = Kills by friends in this place as a percentage of kills by friends in the entire game.
 D = Other kills in this place as a percentage of other kills in the entire game.
 E = Experience gained in this place as a percentage of experience gained in the entire game.
 F = Experience gained in this place divided by the number of levels of this place that you have seen.
                   A       B       C       D       E      F
               +-------+-------+-------+-------+-------+----------------------
         Total | 100.0 | 100.0 |   N/A |   N/A | 100.0 |   6.0
       Dungeon | 100.0 | 100.0 |   N/A |   N/A | 100.0 |   6.0
               +-------+-------+-------+-------+-------+----------------------

Table legend: (Time is in decaauts)
 A = Elapsed time spent in this place.
 B = Non-inter-level travel time spent in this place.
 C = Inter-level travel time spent in this place.
 D = Time resting spent in this place.
 E = Time spent auto-exploring this place.
 F = Levels seen in this place.
 G = Mean time per level.
                   A        B        C        D        E       F      G
               +--------+--------+--------+--------+--------+-----+--------+
         Total |     67 |     67 |      0 |      0 |     43 |   1 |   67.0 |
       Dungeon |     67 |     67 |      0 |      0 |     43 |   1 |   67.0 |
               +--------+--------+--------+--------+--------+-----+--------+

Top non-repeatable levels by time:
     D:1: 67 daAuts
